 Dungeon Crawl Stone Soup version 0.28-a0-46-g7b1be97da7 (webtiles) character file.

Game seed: 544617107324312183

1332 ipx the Frost Mage (level 8, 0/41 HPs)
             Began as a Deep Elf Ice Elementalist on July 31, 2021.
             Was a Priest of Sif Muna.
             Succumbed to a hornet's poison
             ... on level 7 of the Dungeon.
             The game lasted 00:29:17 (1831 turns).

ipx the Frost Mage (Deep Elf Ice Elementalist)      Turns: 1831, Time: 00:29:18

Health: 0/41       AC: 13    Str: 11    XL:     8   Next: 34%
Magic:  13/16      EV: 12    Int: 23    God:    Sif Muna [***...]
Gold:   214        SH:  0    Dex: 15    Spells: 4/15 levels left

rFire   . . .      SeeInvis .   a - +2 spear (venom)
rCold   . . .      Faith    .   (no shield)
rNeg    . . .      Spirit   .   j - +0 robe
rPois   .          Reflect  .   m - +1 helmet
rElec   .          Harm     .   (no cloak)
rCorr   .          Rampage  .   (no gloves)
Will    .....                   o - +0 pair of boots
Stlth   ++........              (no amulet)
HPRegen 0.13/turn               S - +6 ring of strength
MPRegen 0.15/turn               (no ring)

@: lethally poisoned (0 -> -11), ice-armoured, slowed, very slow
A: no striking features
a: Renounce Religion, Channel Magic, Forget Spell


You were on level 7 of the Dungeon.
You worshipped Sif Muna.
Sif Muna was most pleased with you.
You visited 1 branch of the dungeon, and saw 9 of its levels.
You also visited: Sewer.

You collected 214 gold pieces.

Inventory:

Hand Weapons
 a - a +2 spear of venom (weapon)
 b - a +2 short sword of protection
 q - a +2 vorpal flail
Armour
 j - a +0 robe (worn)
 m - a +1 helmet (worn)
 o - a +0 pair of boots (worn)
Magical Staves
 c - a staff of death
Jewellery
 S - a +6 ring of strength (left hand)
Wands
 g - a wand of polymorph (14)
 s - a wand of acid (3)
 t - a wand of flame (16)
Scrolls
 d - a scroll of summoning
 l - 2 scrolls of blinking
 n - 2 scrolls of magic mapping
 p - a scroll of noise {unknown}
 r - 2 scrolls of enchant armour {unknown}


   Skills:
 - Level 2.4 Dodging
 - Level 2.4 Stealth
 - Level 4.2 Spellcasting
 + Level 5.8 Conjurations
 - Level 8.0 Ice Magic
 + Level 5.0 Invocations
 - Level 3.0 Evocations


You had 4 spell levels left.
You knew the following spells:

 Your Spells              Type           Power      Damage    Failure   Level
h - Hailstorm             Conj/Ice       36%        3d9       6%          4
o - Ozocubu's Armour      Ice            41%        N/A       1%          3
r - Frozen Ramparts       Ice            82%        1d10      1%          3
z - Freeze                Ice            100%       1d11      1%          1

Your spell library contained the following spells:

 Spells                   Type           Power      Damage    Failure   Level


Dungeon Overview and Level Annotations

Branches:
Dungeon (9/15)             Temple (0/1) D:6           Sewer (visited)
   Lair: D:8-11         Orc: D:9-12

Altars:
Sif Muna
Xom
Yredelemnul

Shops:
D:1 [

Annotations:
D:4 exclusion: ogre
D:6 exclusion: zombie


Message History

You swing at nothing.
You swing at nothing.
You swing at nothing.
You swing at nothing.
You swing at nothing.
You swing at nothing.
You swing at nothing.
You swing at nothing.
You swing at nothing.
You swing at nothing.
You swing at nothing.
You see here a staff of death.
c - a staff of death You open the door.
A hornet comes into view.
Press: ? - help, v - describe, . - travel
Here: a hornet (asleep)
The floor.
Your +2 spear of venom begins to drip with poison!
a - a +2 spear of venom (weapon)
Reach: a) +2 spear (venom)
Press: ? - help, Dir - move target, f - hornet
Aim: a hornet (asleep, about 2% to evade your +2 spear of venom)
You reach to attack!
The helpless hornet fails to defend itself.
You hit the hornet but do no damage.
The hornet is poisoned.
Casting: Hailstorm (quite dangerous; 6% risk of failure)
Confirm with . or Enter, or press ? or * to list all spells.
A film of ice covers your body! The hornet stings you!
* * * LOW HITPOINT WARNING * * *
You are lethally poisoned!
You feel yourself slow down. The hornet stings you.
* * * LOW HITPOINT WARNING * * *
You feel as though you will be slow longer.
You aren't carrying any potions.
You aren't carrying any potions.
Unknown command.
You hit the hornet.
The hornet is lightly wounded.
You die...

.......#
......##
.....≈###
....≈≈≈ .....
...
##########y###
..........@..+
.............#
.............#
.............#
.............#
#####.##....##
##.##....###+##
...............#
...............#


You could see a hornet (poisoned).

Vanquished Creatures
  Pikel (D:6)
  A water moccasin (D:8)
  2 lemures (D:6)
  2 bullfrogs (Sewer)
  A water moccasin skeleton (D:5)
  6 killer bees (D:7)
  A howler monkey (D:6)
  A bullfrog skeleton (D:4)
  Jessica (D:2)
  Robin (D:4)
  A howler monkey skeleton (D:6)
  7 adders
  2 gnolls (D:7)
  A white imp (D:5)
  2 orcs
  19 endoplasms
  16 giant cockroaches
  13 goblins
  7 hobgoblins
  4 jackals (D:1)
  5 kobolds
  9 quokkas
  14 ball pythons
  7 bats
  20 frilled lizards
  3 rats
147 creatures vanquished.

Vanquished Creatures (others)
  4 toadstools (D:1)
4 creatures vanquished.

Grand Total: 151 creatures vanquished

Notes
Turn   | Place    | Note
-------+----------+-------------------------------------------
     0 | D:1      | ipx the Deep Elf Ice Elementalist began the quest for the
                  | Orb.
     0 | D:1      | Reached XP level 1. HP: 10/10 MP: 6/6
    23 | D:1      | Found Xoavvegh's Antique Armour Boutique.
   101 | D:1      | Reached XP level 2. HP: 15/15 MP: 6/8
   108 | D:1      | Reached skill level 5 in Ice Magic
   298 | D:2      | Reached XP level 3. HP: 18/19 MP: 7/9
   303 | D:2      | Learned a level 3 spell: Frozen Ramparts
   307 | D:2      | Learned a level 3 spell: Ozocubu's Armour
   324 | D:2      | Noticed Jessica
   326 | D:2      | Killed Jessica
   327 | D:2      | Reached skill level 6 in Ice Magic
   653 | D:3      | Reached XP level 4. HP: 23/24 MP: 10/10
   656 | D:3      | Found a shimmering blue altar of Sif Muna.
   662 | D:3      | Became a worshipper of Sif Muna the Loreminder
   760 | D:4      | Found a shimmering altar of Xom.
   760 | D:4      | Found a basalt altar of Yredelemnul.
   817 | D:4      | Noticed an ogre
   840 | D:4      | Noticed Robin
   851 | D:4      | Killed Robin
   852 | D:4      | Reached skill level 7 in Ice Magic
   852 | D:4      | Reached XP level 5. HP: 21/28 MP: 3/11
   875 | D:5      | Entered Level 5 of the Dungeon
   983 | D:6      | Found a glowing drain.
   997 | Sewer    | Entered a sewer
   999 | Sewer    | Reached * piety under Sif Muna
  1184 | Sewer    | Reached XP level 6. HP: 26/32 MP: 6/12
  1187 | Sewer    | Reached ** piety under Sif Muna
  1257 | Sewer    | Reached skill level 8 in Ice Magic
  1262 | Sewer    | Learned a level 4 spell: Hailstorm
  1283 | Sewer    | Reached skill level 1 in Invocations
  1322 | Sewer    | Reached skill level 1 in Conjurations
  1379 | D:6      | Found a staircase to the Ecumenical Temple.
  1606 | D:6      | Noticed Pikel
  1618 | D:6      | Killed Pikel
  1618 | D:6      | Reached *** piety under Sif Muna
  1619 | D:6      | Reached XP level 7. HP: 36/36 MP: 7/15
  1676 | D:8      | Reached skill level 5 in Conjurations
  1676 | D:8      | Reached XP level 8. HP: 22/41 MP: 13/16
  1755 | D:7      | Reached skill level 5 in Invocations
  1827 | D:7      | Noticed a hornet
  1831 | D:7      | Succumbed to a hornet's poison

Illustrated notes

Levels and vault maps discovered:
D:1:      ldierk_walled_garden_2, layout_loops_ring, serial_shops,
          shop_fountains, skrybe_limestone_x
D:2:      layout_basic, corner_web_ring, minmay_misc_feat_ornament, uniq_jessica
D:3:      layout_basic, nicolae_overflow_crystal_walls, uniq_ijyb
D:4:      layout_gridville, jmf_multi_god_temple, uniq_blork_the_orc, uniq_robin
D:5:      layout_cave_pools, hangedman_decor_clover_reticule
D:6:      layout_basic, minmay_temple_entry_mist, cheibrodos_sewer_entry_drain,
          minmay_curled_crystal, uniq_pikel, uniq_duvessa
D:7:      black_bear_nest_2, layout_gridville, lightli_temple_of_fire
D:8:      layout_cave_pools, gammafunk_ghost_abyssal_escape
D:9:      layout_irregular_city, mainiacjoe_overflow_tiny_flanked, serial_shops,
          kennysheep_mini_moat

Skill      XL: |  1  2  3  4  5  6  7  8 |
---------------+-------------------------+-----
Ice Magic      | 5 6 7 8 |  8.0
Invocations    | 4 5 |  5.0
Conjurations   | 4 5 |  5.8
Spellcasting   | 4 |  4.2
Evocations     | 3 |  3.0
Dodging        | |  2.4
Stealth        | |  2.4

Action                   |  1- 3 |  4- 6 |  7- 9 || total
-------------------------+-------+-------+-------++-------
Melee: Dagger            |    19 |       |       ||    19
       Spear             |     5 |   108 |     4 ||   117
       Short sword       |       |    20 |       ||    20
       Flail             |       |     5 |       ||     5
 Cast: Freeze            |    33 |    43 |     7 ||    83
       Ozocubu's Armour  |       |     8 |     4 ||    12
       Frozen Ramparts   |       |     8 |     2 ||    10
       Hailstorm         |       |       |     2 ||     2
Evoke: Wand              |       |     1 |     1 ||     2
  Use: Scroll            |       |     5 |       ||     5
       Potion            |       |       |     6 ||     6
 Stab: Sleeping          |     3 |     5 |     1 ||     9
       Distracted        |       |     1 |       ||     1
Armor: Robe              |     8 |    41 |     8 ||    57
       Skin              |       |       |     5 ||     5
Dodge: Dodged            |    25 |    68 |     9 ||   102

Table legend: (Time is in decaauts)
 A = Elapsed time spent in this place.
 B = Non-inter-level travel time spent in this place.
 C = Inter-level travel time spent in this place.
 D = Time resting spent in this place.
 E = Time spent auto-exploring this place.
 F = Levels seen in this place.
 G = Mean time per level.
                   A        B        C        D        E       F      G
               +--------+--------+--------+--------+--------+-----+--------+
         Total |   1969 |   1951 |     18 |      0 |      0 |  10 |  196.9 |
       Dungeon |   1508 |   1490 |     18 |      0 |      0 |   9 |  167.6 |
         Sewer |    461 |    461 |      0 |      0 |      0 |   1 |  461.0 |
               +--------+--------+--------+--------+--------+-----+--------+

Top non-repeatable levels by time:
   Sewer: 461 daAuts
     D:6: 327 daAuts
     D:1: 295 daAuts
     D:2: 254 daAuts
     D:3: 196 daAuts
     D:7: 152 daAuts
     D:4: 135 daAuts
     D:8: 80 daAuts
     D:5: 65 daAuts
     D:9: 1 daAuts
